 Dungeon Crawl Stone Soup version 0.32-a0-699-g1ee5eff (webtiles) character file.

Game seed: 7764007650710011067

28 Toastz the Sneak (level 3, -1/20 HPs)
             Began as a Kobold Enchanter on Mar 13, 2024.
             Slain by a hobgoblin (2 damage)
             ... on level 1 of the Dungeon.
             The game lasted 00:02:00 (777 turns).

Toastz the Sneak (Kobold Enchanter)                  Turns: 777, Time: 00:02:01

Health: -1/20      AC:  2    Str:  5    XL:     3   Next: 27%
Magic:  1/6        EV: 14    Int: 18    God:
Gold:   68         SH:  0    Dex: 15    Spells: 1/6 levels left

rFire   . . .        a - +1 dagger
rCold   . . .        (no shield)
rNeg    . . .        b - +0 robe
rPois   .            (no helmet)
rElec   .            (no cloak)
rCorr   .            (no gloves)
SInv    .            (no boots)
Will    .....        (no amulet)
Stlth   ++++         (no ring)
HPRegen 0.23/turn    (no ring)
MPRegen 0.10/turn

%: no passive effects
@: no status effects
A: small, no large weapons, nightstalker 3
a: no special abilities


You were on level 1 of the Dungeon.
You visited 1 branch of the dungeon, and saw 2 of its levels.

You collected 68 gold pieces.

Inventory:

Hand Weapons
 a - a +1 dagger (weapon)
Armour
 b - a +0 robe (worn)
Scrolls
 d - a scroll of teleportation {unknown}
 f - a scroll of enchant weapon {unknown}
 g - a scroll of amnesia {unknown}
 h - a scroll of vulnerability {unknown}
Potions
 c - 2 potions of invisibility
 e - a potion of mutation {unknown}


   Skills:
 + Level 1.0 Fighting
 + Level 1.9 Short Blades
 + Level 2.8 Dodging
 - Level 4.1 Stealth
 - Level 2.1 Spellcasting
 * Level 3.4 Hexes
 + Level 0.3 Ice Magic


You had one spell level left.
You knew the following spells:

 Your Spells              Type           Power      Damage    Failure   Level
a - Ensorcelled Hibernat  Hex/Ice        16%        N/A       12%         2
b - Confusing Touch       Hex            14%        N/A       13%         3

Your spell library contained the following spells:

 Spells                   Type           Power      Damage    Failure   Level
 Tukima's Dance           Hex            14%        N/A       13%         3
 Dazzling Flash           Conj/Hex       16%        N/A       26%         3


Dungeon Overview and Level Annotations

Branches:
Dungeon (2/15)

Altars:


Innate Abilities, Weirdness & Mutations

You are small and have problems with some larger weapons.
You are completely attuned to the shadows.


Message History

There is a stone staircase leading down here.
The orc attacks as it pursues you! The orc hits you with a +0 falchion.
Your magical contamination has completely faded away.
You see here 4 stones.
Casting: Ensorcelled Hibernation (safe; 12% risk of failure)
Confirm with . or Enter, or press ? or * to list all spells.
Aiming: Ensorcelled Hibernation (safe; 12% risk of failure)
Press: ? - help, Shift-Dir - straight line, f - orc
Aim: an orc, wielding a +0 falchion and wearing a +0 leather armour (chance to affect: 59%)
The orc looks drowsy...
The helpless orc fails to defend itself.
You puncture the orc!
You kill the orc!
Your Fighting skill increases to level 1!
Casting: Ensorcelled Hibernation (safe; 12% risk of failure)
Confirm with . or Enter, or press ? or * to list all spells.
You don't have enough magic to cast this spell.
Unknown command.
You hit the hobgoblin but do no damage. The hobgoblin misses you.
You barely miss the hobgoblin. The hobgoblin misses you.
You barely miss the hobgoblin. The hobgoblin hits you.
* * * LOW HITPOINT WARNING * * *
You hit the hobgoblin.
The hobgoblin is heavily wounded.
The hobgoblin closely misses you.
Casting: Ensorcelled Hibernation (safe; 12% risk of failure)
Confirm with . or Enter, or press ? or * to list all spells.
You don't have enough magic to cast this spell.
Unknown command.
You hit the hobgoblin but do no damage.
The hobgoblin is heavily wounded.
The hobgoblin hits you.
* * * LOW HITPOINT WARNING * * *
You hit the hobgoblin but do no damage.
The hobgoblin is heavily wounded.
The hobgoblin hits you.
* * * LOW HITPOINT WARNING * * *
The hobgoblin attacks as it pursues you!
The hobgoblin hits you.
You die...

#.# #.## #.......#.... #.#
#..####.#####.#.### #.#
#######.##.#.....#.#.#.# #.#
#.........>#####.#.#...# #.#
#..........#...#.#.##### #.#
###.###>[..#.#.#.#...... #.#
####..# #)####.#.#.#.##### #.#
##....## #g# #.#<#.#...... #.#
#..#### #@####.#.#.#.##### #.#
#.## #.##.#.#.#.#...... #.#####.#
###....#.#.#.#.#.### #.......#
#...####.#...#.#.#..
#..###########.#...##.#####.#.#.#
#..# ####......###.##.....#.#.#.#
#### #....####......#####.#.#.###
###.#### #......#.......#....
####...# #......#######.#####


You could see a hobgoblin.

Vanquished Creatures
  3 orcs
  7 endoplasms (D:1)
  2 goblins (D:1)
  2 hobgoblins (D:1)
  3 kobolds
  A quokka (D:1)
  A bat (D:1)
  A rat (D:1)
20 creatures vanquished.

Notes
Turn   | Place    | Note
-------+----------+-------------------------------------------
     0 | D:1      | Toastz the Kobold Enchanter began the quest for the Orb.
     0 | D:1      | Reached XP level 1. HP: 10/10 MP: 3/3
   152 | D:1      | Reached XP level 2. HP: 10/15 MP: 5/5
   156 | D:1      | Learned a level 2 spell: Ensorcelled Hibernation
   703 | D:2      | Reached XP level 3. HP: 20/20 MP: 6/6
   755 | D:1      | Learned a level 3 spell: Confusing Touch
   771 | D:1      | Reached skill level 1 in Fighting
   776 | D:1      | HP: 1/20 [hobgoblin (3)]
   777 | D:1      | Slain by a hobgoblin

Illustrated notes

Levels and vault maps discovered:
D:1:      matt_arrival_spirals, layout_rooms
D:2:      layout_rooms, uniq_natasha

Skill      XL: |  1  2  3 |
---------------+----------+-----
Fighting       | 1 |  1.0
Short Blades   | |  1.9
Dodging        | |  2.8
Stealth        | |  4.1
Spellcasting   | |  2.1
Hexes          | |  3.4
Ice Magic      | |  0.3

Action                     || total
---------------------------++-------
  Melee: Dagger            ||    43
   Cast: Ensorcelled Hiber ||     9
   Stab: Sleeping          ||    14
 Armour: Robe              ||    20
  Dodge: Dodged            ||    19

Table legend: (Time is in decaauts)
 A = Elapsed time spent in this place.
 B = Non-inter-level travel time spent in this place.
 C = Inter-level travel time spent in this place.
 D = Time resting spent in this place.
 E = Time spent auto-exploring this place.
 F = Levels seen in this place.
 G = Mean time per level.
                   A        B        C        D        E       F      G
               +--------+--------+--------+--------+--------+-----+--------+
         Total |    774 |    728 |     46 |     72 |    532 |   2 |  387.0 |
       Dungeon |    774 |    728 |     46 |     72 |    532 |   2 |  387.0 |
               +--------+--------+--------+--------+--------+-----+--------+

Top non-repeatable levels by time:
     D:1: 753 daAuts
     D:2: 20 daAuts
